Cogmind - Beta 10.2 @@@ ROGUE MODE // 2020.12.11 @ 12:40:58 Player: CrossedViper Result: Destroyed by D-63 Destroyer with Heavy Rocket Launcher Performance ------------- Evolutions (6) 3000 Regions Visited (22) 4400 Robots Destroyed (366) 1830 Value Destroyed (15139) 15139 Prototype IDs (73) 1460 Alien Tech Used (0) 0 Bonus (7471) 7471 TOTAL SCORE: 33300 Bonus ------- High Alert Combat Kills 1168 Follower Combat Kills 1534 Aligned with FarCom 300 Met Data Miner 300 Met Imprinter 300 Triggered Deep Caves Wall 500 Exposed GOLEM Chamber 500 Met Warlord at Base 500 MAIN.C Attacked Warlord 500 Warlord Defense Kill 4560 Friendly Fire -2691 Cogmind --------- Core Integrity 0/1150 Matter 300/300 Energy 580/580 System Corruption 4% Temperature Cool (0) Movement Hovering (46) Location -4/Warlord Parts ------- > --- POWER (2) -------- Heavy Antimatter Reactor Heavy Antimatter Reactor > --- PROPULSION (2) --- Cooled Antigrav System Cooled Antigrav System > --- UTILITY (12) ----- Experimental Targeting Computer Experimental Core Analyzer > --- WEAPON (3) ------- (None) > --- INVENTORY (4) ---- Myomer Leg Experimental Myomer Leg Field Lobotomy Kit Plasma Lance Peak State ------------ > --- POWER ------------ Heavy Antimatter Reactor Heavy Antimatter Reactor > --- PROPULSION ------- Cooled Antigrav System Cooled Antigrav System > --- UTILITY ---------- Experimental Targeting Computer Experimental Core Analyzer Wardrone Bay > --- WEAPON ----------- Assembled Focal Cannon > --- INVENTORY -------- Myomer Leg Experimental Myomer Leg Field Lobotomy Kit Plasma Lance [Rating: 192] Favorites ----------- Power Assembled Flux Generator Engine Deuterium Engine Power Core Fission Core Reactor Assembled Flux Generator Propulsion Assembled Alloy Leg Treads Light Treads Leg Assembled Alloy Leg Wheel Armored Huge Wheel Hover Unit Cooled Antigrav System Flight Unit Flight Unit Utility Medium Storage Unit Device Assembled Nanovents Storage Medium Storage Unit Processor Improved Core Analyzer Hackware Advanced System Shield Protection Assembled Alloy Armor Weapon Assembled Focal Cannon Energy Gun EM Pulse Gun Energy Cannon Assembled Focal Cannon Ballistic Gun Gauss Rifle Ballistic Cannon Mini Assault Cannon Launcher EMP Blaster Special Weapon Molecular Deconstructor Slashing Weapon Makeshift Axe Piercing Weapon CR-A16's Pointy Stick Build | -11 -10 -10 -10 -9 -8 -7 -7 -7 -7 -7 -6 -6 -6 -6 -6 -5 -5 -5 -5 -4 -4 -4 ------- Run | Scr Mat Min Exi Min Mat Fac Low Low Zio Dee Pro Fac Low Low Dat Pro Fac Ext Cet Fac Upp War Slots Evolved 12 | . . . . . 4 2 . . . . . 2 . . . . 2 . . 2 . . Power 1 | . . . . . . 1 . . . . . . . . . . . . . . . . Propulsion . | . . . . . . . . . . . . . . . . . . . . . . . Utility 10 | . . . . . 3 1 . . . . . 2 . . . . 2 . . 2 . . Weapon 1 | . . . . . 1 . . . . . . . . . . . . . . . . . Parts Attached 262 | . 6 . 7 7 21 40 10 1 26 21 . 11 3 . . 1 33 27 15 10 1 22 Power 31 | . . . 1 1 1 7 1 1 6 1 . . . . . . . 2 1 4 . 5 Engine 13 | . . . 1 1 1 3 1 . 6 . . . . . . . . . . . . . Core 6 | . . . . . . 4 . 1 . 1 . . . . . . . . . . . . Reactor 12 | . . . . . . . . . . . . . . . . . . 2 1 4 . 5 Propulsion 29 | . 2 . . 3 4 7 2 . 1 . . . . . . . . 4 2 . . 4 Treads 3 | . 2 . . . . . . . . . . . . . . . . . 1 . . . Leg 20 | . . . . 1 3 6 2 . 1 . . . . . . . . 4 1 . . 2 Wheel 2 | . . . . . 1 1 . . . . . . . . . . . . . . . . Hover 2 | . . . . . . . . . . . . . . . . . . . . . . 2 Flight 2 | . . . . 2 . . . . . . . . . . . . . . . . . . Utility 122 | . 2 . . 2 10 12 3 . 5 11 . 5 2 . . . 32 17 4 5 1 11 Device 56 | . . . . 2 1 9 2 . 2 2 . 3 2 . . . 14 7 2 3 1 6 Storage 11 | . 1 . . . 3 1 1 . . 2 . . . . . . 1 2 . . . . Processor 8 | . 1 . . . 1 . . . . . . . . . . . . 2 . . . 4 Hackware 3 | . . . . . . . . . . . . . . . . . . . . 2 . 1 Protection 44 | . . . . . 5 2 . . 3 7 . 2 . . . . 17 6 2 . . . Artifact . | . . . . . . . . . . . . . . . . . . . . . . . Weapon 80 | . 2 . 6 1 6 14 4 . 14 9 . 6 1 . . 1 1 4 8 1 . 2 Energy Gun 9 | . 1 . . 1 2 1 . . . . . . . . . . . 1 3 . . . Energy Cannon 19 | . . . . . 1 6 1 . 6 4 . . . . . . . . . 1 . . Ballistic Gun 19 | . . . 2 . 2 6 2 . 3 1 . 2 . . . . . 1 . . . . Ballistic Cannon 9 | . . . . . . . . . . . . 3 . . . . . 2 2 . . 2 Launcher 15 | . 1 . 2 . 1 1 1 . 4 2 . 1 . . . 1 . . 1 . . . Special Weapon 2 | . . . . . . . . . 1 . . . . . . . . . 1 . . . Impact Weapon . | . . . . . . . . . . . . . . . . . . . . . . . Slashing Weapon 4 | . . . 2 . . . . . . 2 . . . . . . . . . . . . Piercing Weapon 3 | . . . . . . . . . . . . . 1 . . . 1 . 1 . . . Special Melee Weapon . | . . . . . . . . . . . . . . . . . . . . . . . Unidentified Prototypes 31 | . . . . 1 1 1 . . 3 2 . 2 . . . . 1 3 4 2 . 11 Parts Lost 88 | . . . 6 . 2 7 . 1 1 8 . 3 4 . . 6 11 4 21 1 . 13 Power 15 | . . . 2 . 1 3 . 1 . 1 . 1 . . . 1 1 . 3 . . 1 Propulsion 5 | . . . 2 . . . . . . . . . . . . . . . 3 . . . Utility 33 | . . . 1 . . 3 . . . 3 . 1 3 . . 2 7 2 6 . . 5 Weapon 35 | . . . 1 . 1 1 . . 1 4 . 1 1 . . 3 3 2 9 1 . 7 Highest Loss Streak 21 | . . . 6 . 1 5 . 1 1 4 . 3 5 . . 3 2 1 21 1 . 4 Average Slot Usage (%) 88 | . 92 100 96 71 94 87 97 94 99 88 84 85 81 86 86 85 87 94 64 86 93 84 Engine 3 | . 14 14 13 12 7 7 15 8 9 5 . . . . . . . . . . . . Reactor 4 | . . . . . . . . . . 3 7 5 5 6 6 5 4 7 4 9 10 7 Treads 1 | . 18 28 26 . . . . . . . . . . . . . . . 2 3 . . Leg 11 | . 8 . . . 15 7 11 15 15 14 15 13 12 13 13 12 11 11 4 2 10 9 Device 17 | . . . . 6 6 14 12 15 15 12 7 22 22 26 26 26 19 16 8 22 27 18 Storage 18 | . 14 14 13 . 13 23 24 23 23 16 23 20 20 20 20 20 16 17 17 15 15 13 Processor 2 | . 8 14 12 . 6 . . . . . . . . . . . . 1 11 6 5 12 Protection 6 | . . . . . 15 4 7 7 7 9 7 3 . . . . 13 19 4 1 1 3 Energy Gun 1 | . 9 14 12 6 8 1 . . . . . . . . . . . 2 2 . . . Energy Cannon 13 | . . . . . . 12 14 15 14 14 15 10 18 20 20 18 16 8 1 13 15 12 Ballistic Gun 2 | . 17 . 1 21 13 7 6 7 6 1 . 3 . . . . . 3 . . . . Launcher 1 | . 1 14 13 . 2 . . . . 5 7 1 . . . . . . 1 . . . Naked Turns . | . . . . . . . . . . . . . . . . . . . . . . . Heaviest Build 166 | 12 18 18 18 8 57 73 73 73 80 104 104 107 113 113 113 113 166 166 128 142 147 147 Greatest Support 90 | 20 40 40 40 8 28 37 40 40 40 60 60 70 70 70 70 70 70 70 90 80 70 70 Greatest Overweight (x) 5 | . . . . 1 4 2 2 1 1 1 1 3 1 1 1 1 2 3 3 2 2 5 Average Overweight (x) 1 | . . . . . 1 1 1 1 1 1 1 1 . 1 1 1 1 1 . . 2 1 Largest Inventory Capacity 22 | . 8 8 8 4 16 20 20 18 18 18 14 14 14 14 14 14 22 18 18 18 18 18 Average Capacity 15 | . 6 8 7 4 10 16 17 18 18 12 14 14 14 14 14 14 17 18 18 18 18 16 Most Carried 20 | . 6 7 8 4 16 20 20 18 18 18 14 14 14 12 12 14 18 18 18 18 18 18 Average Carried 14 | . 5 6 6 3 9 15 17 18 17 11 14 13 13 12 12 13 17 17 13 15 17 16 Final Capacity 20 | 6 8 8 4 4 16 20 18 18 18 14 14 14 14 14 14 14 18 18 18 18 18 4 Final Carried 20 | 6 6 7 4 4 16 20 18 18 18 14 14 14 12 12 12 14 18 18 10 18 18 4 Class Distribution -------------------- 38% | Golem 23% | Scavenger-Tank 19% | Mutant 5% | Scavenger-Mutant 4% | Hacker-Golem 3% | Hacker-Gunner Dominant Class ---------------- Mutant | -10/Materials Mutant | -10/Mines Mutant | -10/Exiles Mutant | -9/Mines Scavenger-Tank | -8/Materials Scavenger-Mutant | -7/Factory Scavenger-Tank | -7/Lower Caves Scavenger-Tank | -7/Lower Caves Scavenger-Tank | -7/Zion Golem | -7/Deep Caves Golem | -6/Proximity Caves Golem | -6/Factory Golem | -6/Lower Caves Golem | -6/Lower Caves Golem | -6/Data Miner Golem | -5/Proximity Caves Golem | -5/Factory Scavenger-Tank | -5/Extension Mutant | -5/Cetus Hacker-Mutant | -4/Factory Hacker-Golem | -4/Upper Caves Hacker-Gunner | -4/Warlord Resources | -11 -10 -10 -10 -9 -8 -7 -7 -7 -7 -7 -6 -6 -6 -6 -6 -5 -5 -5 -5 -4 -4 -4 ----------- Run | Scr Mat Min Exi Min Mat Fac Low Low Zio Dee Pro Fac Low Low Dat Pro Fac Ext Cet Fac Upp War Matter Collected 6088 | 200 40 84 . 128 577 708 205 28 641 537 . 477 33 6 . 145 438 505 254 225 26 831 Remotely . | . . . . . . . . . . . . . . . . . . . . . . . Salvage Created 20770 | . 55 46 . 41 726 1481 257 56 1320 2859 . 2143 391 513 . 666 3998 2182 460 1312 396 1868 Parts 852 | . 7 8 . 6 40 65 9 2 111 30 . 92 18 15 . 23 178 69 20 63 17 79 Haulers Intercepted 12 | . 1 . . . 2 3 . . . . . 2 . . . . 2 1 . 1 . . Recyclers Shooed 15 | . . . . . 5 2 . . . . . 2 . . . . 2 2 . 2 . . Parts Field Recycled . | . . . . . . . . . . . . . . . . . . . . . . . Retrieved Matter . | . . . . . . . . . . . . . . . . . . . . . . . Parts Self-Destructed 314 | . . . . . . . 10 4 . . . . 19 15 . 26 . . . . 17 223 Prevented 26 | . . . . . . . 6 . . . . . . . . 2 . . . . . 18 Kills | -11 -10 -10 -10 -9 -8 -7 -7 -7 -7 -7 -6 -6 -6 -6 -6 -5 -5 -5 -5 -4 -4 -4 ------- Run | Scr Mat Min Exi Min Mat Fac Low Low Zio Dee Pro Fac Low Low Dat Pro Fac Ext Cet Fac Upp War Combat Hostiles Destroyed 305 | . . 5 5 3 9 18 5 2 9 55 . 28 11 8 . 13 53 19 7 16 8 31 Melee 4 | . . . . . . . . . . 2 . . 1 . . . 1 . . . . . Guns 28 | . . . . 3 6 7 1 2 1 . . 1 . . . . . 6 1 . . . Cannons 182 | . . . . . . 8 2 . 3 9 . 23 10 8 . 10 42 12 3 15 8 29 AOE 71 | . . 5 5 . 3 2 2 . 4 34 . 4 . . . 2 9 . 1 . . . Classes Destroyed 28 | . 2 2 1 . 5 4 1 . 2 3 . . . . . . 2 1 . . . 5 Worker 11 | . . . . . 1 5 . . . . . 2 . . . . 3 . . . . . Builder 15 | . . . . . 2 4 . . . . . 3 . . . . 4 1 . 1 . . Tunneler 1 | . . . . . . . . . . . . . . . . . 1 . . . . . Hauler 12 | . 1 . . . 2 3 . . . . . 2 . . . . 2 1 . 1 . . Recycler 16 | . . . . . 1 2 . . . . . 2 . . . . 4 5 . 2 . . Operator 3 | . . . . . . 1 . . . . . . . . . . 2 . . . . . Watcher 7 | . 1 . . . 1 . . . . . . 2 . . . . 3 . . . . . Swarmer 44 | . . 3 . 3 . 1 . 2 . . . 5 7 . . 5 5 1 . 5 4 3 Saboteur 1 | . . . . . . . . . . . . . . . . . 1 . . . . . Grunt 88 | . . 2 . . 5 8 2 . . . . 12 1 6 . 4 23 10 3 . 2 10 Brawler 11 | . . . . . 1 1 . . . . . 1 . 2 . 1 4 1 . . . . Duelist 5 | . . . . . . 2 . . . . . 1 . . . . 2 . . . . . Protector 1 | . . . . . . . . . . . . . . . . . . . . . . 1 Sentry 27 | . . . . . 3 2 1 . . . . 7 1 . . 1 5 4 . 2 1 . Demolisher 1 | . . . . . . . . . . . . . . . . . . . . . . 1 Specialist 2 | . . . . . . . . . . . . . . . . . . . . . . 2 Hunter 15 | . . . . . . 1 1 . . . . . 1 . . 2 2 . . 4 . 4 Programmer 28 | . . . . . . 3 . . . . . 2 1 . . . 11 2 . 5 1 3 Behemoth 2 | . . . . . . . . . . . . . . . . . . 1 . . . 1 Cetus Guard 4 | . . . . . . . . . . . . . . . . . . . 4 . . . Striker 2 | . . . . . . . . . . . . . . . . . . . . . . 2 Executioner 3 | . . . . . . . . . . . . . . . . . . . . . . 3 Zionite 49 | . . . . . . . . . 49 . . . . . . . . . . . . . Z-Light 1 | . . . . . . . . . . 1 . . . . . . . . . . . . Tinkerer 1 | . . . . . . . . . 1 . . . . . . . . . . . . . Assembler 2 | . . . . . . . . . . 2 . . . . . . . . . . . . Assembled 44 | . . . 5 . . . . . . 39 . . . . . . . . . . . . Golem 15 | . . . . . . . . . . 15 . . . . . . . . . . . . Thug 1 | . . . . . . . . . . . . . . . . . . . . . . 1 Savage 2 | . . . . . . . . . 2 . . . . . . . . . . . . . Butcher 3 | . . . . . . . . . 1 . . . . . . . . 1 1 . . . Mutant 6 | . . . . . . . 1 . 5 . . . . . . . . . . . . . Best Kill Streak 35 | . 1 3 5 3 4 4 2 2 19 35 . 6 4 4 . 4 8 6 6 8 4 7 Combat Bots Only 35 | . . 3 5 3 3 3 2 2 5 35 . 5 4 4 . 4 8 4 6 6 4 7 Max Kills in Single Turn 6 | . 1 2 3 1 2 2 1 1 2 4 . 4 1 2 . 1 6 2 1 2 1 2 Gunslinging . | . . . . . . . . . . . . . . . . . . . . . . . Exploded 6 | . . 2 3 . 2 1 1 . 2 4 . 4 . . . 1 6 . 1 . . . Melee 1 | . . . . . . . . . . 1 . . 1 . . . 1 . . . . . Uniques/NPCs Destroyed 1 | . . . . . . . . . 1 . . . . . . . . . . . . . Imprinter (-7/Zion) Combat | -11 -10 -10 -10 -9 -8 -7 -7 -7 -7 -7 -6 -6 -6 -6 -6 -5 -5 -5 -5 -4 -4 -4 -------- Run | Scr Mat Min Exi Min Mat Fac Low Low Zio Dee Pro Fac Low Low Dat Pro Fac Ext Cet Fac Upp War Damage Taken 27453 | . 9 84 698 139 350 1732 492 189 950 2259 . 2256 984 396 . 1997 3672 1436 3890 614 298 5008 Core 3698 | . . 24 113 40 43 134 65 33 131 231 . 296 160 58 . 215 314 52 623 94 43 1029 Absorbed by Shields 260 | . . . . . . 75 . . . . . . . . . . . 93 . 28 64 . Core Remaining (%) 41 | 100 . . . 29 92 . . . . . 15 . . . . 14 . . 1 . . . Volleys Fired 931 | . 9 5 4 10 45 77 19 10 95 104 . 99 31 16 . 45 143 66 19 39 13 82 Largest 3 | . 2 1 1 2 3 3 3 3 3 3 . 3 2 3 . 3 3 3 3 3 3 3 Hottest 206 | . 60 30 30 40 101 165 153 126 164 171 . 98 50 75 . 75 75 123 206 138 75 115 Shots Fired 1978 | . 17 5 4 20 90 178 45 26 257 176 . 212 50 32 . 83 290 185 30 81 39 158 Gun 481 | . 16 . . 20 88 95 13 8 74 12 . 48 . . . . . 96 11 . . . Cannon 1387 | . . . . . . 82 28 18 167 107 . 162 50 32 . 74 290 89 10 81 39 158 Launcher 106 | . 1 5 4 . 2 1 4 . 16 57 . 2 . . . 9 . . 5 . . . Special 4 | . . . . . . . . . . . . . . . . . . . 4 . . . Kinetic 435 | . 15 . . 20 50 80 9 8 74 12 . 72 . . . . . 53 9 . . 33 Thermal 1252 | . . . . . . 59 28 18 167 66 . 138 50 32 . 74 290 89 9 68 39 125 Explosive 27 | . 1 5 4 . 2 1 4 . 10 . . . . . . . . . . . . . Electromagnetic 260 | . 1 . . . 38 38 4 . 6 98 . 2 . . . 9 . 43 8 13 . . Robot Hit Streak 44 | . 5 8 10 11 6 10 7 3 20 22 . 23 11 12 . 12 44 20 17 18 13 22 Robot Miss Streak 7 | . 2 . . 2 2 4 6 7 3 7 . 3 3 1 . 2 3 4 2 1 2 3 Penetration Max 2 | . . . . . . 1 . . 1 . . 2 . . . . . 1 . . . . Secondary Targets 1 | . . . . . 1 . . . . . . . . . . . . . . . . . Max Gunslinging Chain 1 | . . . . . 1 . . . . . . . . . . . . . . . . . Shots Hit Robots 1286 | . 6 3 10 12 59 114 23 13 135 125 . 128 32 22 . 61 197 128 19 62 23 114 Core Hits 751 | . 3 9 11 4 31 57 12 2 88 156 . 64 13 11 . 18 103 46 25 30 11 57 Critical Hits 44 | . . . . 1 1 5 . 1 9 2 . 14 . . . . . 8 2 1 . . Critical Kills 18 | . . . . . . 1 . 1 5 . . 4 . . . . . 4 2 1 . . Critical Parts Destroyed 21 | . . . . 1 1 4 . . 4 . . 8 . . . . . 3 . . . . Melee Attacks 43 | . . . 11 . . . . . . 22 . . 2 . . . 8 . . . . . Impact . | . . . . . . . . . . . . . . . . . . . . . . . Slashing 33 | . . . 11 . . . . . . 22 . . . . . . . . . . . . Piercing 10 | . . . . . . . . . . . . . 2 . . . 8 . . . . . Sneak Attacks 5 | . . . 1 . . . . . . 4 . . . . . . . . . . . . Combat Hostiles . | . . . . . . . . . . . . . . . . . . . . . . . Follow-up Attacks 1 | . . . 1 . . . . . . . . . . . . . . . . . . . Damage Inflicted 55753 | . 62 369 571 117 1065 2733 915 286 4378 6894 . 5455 1253 1116 . 2656 10636 5448 1050 3222 1089 6438 Guns 5107 | . 62 . . 117 764 1160 175 88 496 63 . 275 . . . . . 1669 238 . . . Cannons 40346 | . . . . . . 1364 327 198 2343 2969 . 4557 1187 1116 . 2444 9281 3545 266 3222 1089 6438 Explosions 8843 | . . 369 360 . 301 197 413 . 1539 2906 . 598 . . . 212 1168 234 546 . . . Melee 1354 | . . . 211 . . . . . . 956 . . 66 . . . 121 . . . . . Ramming 103 | . . . . . . 12 . . . . . 25 . . . . 66 . . . . . Kinetic 5902 | . 42 . . 117 368 919 113 88 496 63 . 650 . . . . . 1010 212 . . 1824 Thermal 37669 | . . . . . 120 1018 327 198 2399 2689 . 4182 1187 1116 . 2444 9355 3779 368 2784 1089 4614 Explosive 3974 | . . 369 360 . 181 32 413 . 1205 . . 474 . . . . 940 . . . . . Electromagnetic 6751 | . 20 . . . 396 752 62 . 278 3186 . 124 . . . 212 154 659 470 438 . . Impact . | . . . . . . . . . . . . . . . . . . . . . . . Slashing 1167 | . . . 211 . . . . . . 956 . . . . . . . . . . . . Piercing 187 | . . . . . . . . . . . . . 66 . . . 121 . . . . . Highest Corruption 9 | . . . . . . . . . 1 5 5 1 1 1 1 1 8 8 9 2 4 4 Average Corruption 3 | . . . . . . . . . 1 1 5 1 1 1 1 1 4 8 8 1 3 3 Corruption Purged . | . . . . . . . . . . . . . . . . . . . . . . . Effects 257 | . . . . . . . . . 7 26 10 . 9 3 1 6 80 65 12 5 16 17 Message Errors 56 | . . . . . . . . . 1 6 5 . 4 1 . 2 15 10 1 2 6 3 Matter Fused 48 | . . . . . . . . . . 1 2 . . . . . 17 13 4 . 7 4 Heat Flow Errors 26 | . . . . . . . . . . 3 1 . . . . . 9 8 2 2 1 . Energy Discharges 38 | . . . . . . . . . . 3 . . 3 2 1 2 12 8 1 . 2 4 Parts Rejected 2 | . . . . . . . . . . . . . . . . . 1 1 . . . . Data Loss (minor) 26 | . . . . . . . . . . 4 1 . 2 . . 2 7 5 . . . 5 Data Loss (major) 5 | . . . . . . . . . . . 1 . . . . . . 4 . . . . Misfires 4 | . . . . . . . . . . 1 . . . . . . . 3 . . . . Targeting Errors 46 | . . . . . . . . . 5 7 . . . . . . 18 10 4 1 . 1 Weapon Failures 6 | . . . . . . . . . 1 1 . . . . . . 1 3 . . . . Overload Shots . | . . . . . . . . . . . . . . . . . . . . . . . Overflow Damage 2680 | . . 3 17 . 19 55 22 47 33 385 . 324 86 . . 222 642 184 1 287 119 234 Projectiles 2202 | . . . . . . 41 2 47 . 103 . 294 86 . . 210 595 184 . 287 119 234 Explosions 396 | . . 3 17 . 19 14 20 . 33 210 . 30 . . . 12 37 . 1 . . . Melee 82 | . . . . . . . . . . 72 . . . . . . 10 . . . . . Knockbacks 17 | . . . . . . . . . . . . 4 . . . . 1 . 1 . . 11 Impact 1 | . . . . . . . . . . . . . . . . . 1 . . . . . Kinetic 13 | . . . . . . . . . . . . 4 . . . . . . 1 . . 8 Secondary 3 | . . . . . . . . . . . . . . . . . . . . . . 3 Self-Inflicted Damage 1227 | . . 30 3 . 113 49 . . 36 382 . 146 . . . . 396 . 72 . . . Shots 41 | . . 2 1 . 3 1 . . 1 22 . 3 . . . . 6 . 2 . . . Rammed 5 | . . . . . . 1 . . . . . 1 . . . . 3 . . . . . Targets Rammed 8 | . . . . . . 1 . . . . . 1 . . . . 6 . . . . . Kicked 3 | . . . . . . . . . . . . . . . . . 3 . . . . . Crushed . | . . . . . . . . . . . . . . . . . . . . . . . Highest Temperature 473 | . . 10 . 6 261 448 377 238 338 399 192 13 . 4 . 13 257 308 473 243 217 198 Average Temperature 101 | . . 7 . 4 64 101 179 119 95 103 97 8 . 2 . 5 98 77 167 84 134 87 Received Heat Transfer 5110 | . . 24 . . 117 267 151 . 162 331 . 633 . 162 . 342 741 417 1284 9 17 453 Effects 10 | . . . . . . 5 1 . . 3 . . . . . . . . 1 . . . Shutdowns 1 | . . . . . . 1 . . . . . . . . . . . . . . . . Energy Bleed 1 | . . . . . . . 1 . . . . . . . . . . . . . . . Interference 6 | . . . . . . 3 . . . 3 . . . . . . . . . . . . Matter Decay 2 | . . . . . . 1 . . . . . . . . . . . . 1 . . . Siege Activations . | . . . . . . . . . . . . . . . . . . . . . . . Robots Corrupted 14 | . . . . . . 1 . . . 10 . . . . . 1 . . 1 1 . . Combat Hostiles 14 | . . . . . . 1 . . . 10 . . . . . 1 . . 1 1 . . Parts Fried 18 | . . . . . 1 2 1 . 2 2 . . . . . . . 7 . 2 . 1 Impact Corruptions . | . . . . . . . . . . . . . . . . . . . . . . . Robots Melted 2 | . . . . . . . . . 1 . . . . . . . 1 . . . . . Combat Hostiles 2 | . . . . . . . . . 1 . . . . . . . 1 . . . . . Parts Melted 28 | . . . . . . 1 . . 13 . . . 1 . . 1 6 2 1 1 . 2 Heat Transferred 24942 | . . . . . 150 1667 518 296 3814 1871 . 2300 700 625 . 1375 4975 2125 397 1400 550 2179 Parts Sabotaged . | . . . . . . . . . . . . . . . . . . . . . . . Parts Stolen . | . . . . . . . . . . . . . . . . . . . . . . . Parts Stripped . | . . . . . . . . . . . . . . . . . . . . . . . Power Chain Reactions 17 | . . . . . 2 1 . . 1 11 . . . . . . . 1 1 . . . Missiles Intercepted . | . . . . . . . . . . . . . . . . . . . . . . . Alert | -11 -10 -10 -10 -9 -8 -7 -7 -7 -7 -7 -6 -6 -6 -6 -6 -5 -5 -5 -5 -4 -4 -4 ------- Run | Scr Mat Min Exi Min Mat Fac Low Low Zio Dee Pro Fac Low Low Dat Pro Fac Ext Cet Fac Upp War Peak Influence 1219 | . 84 183 . 115 256 235 . . . . . 511 . . . . 1219 988 542 533 . . Initial 588 | . . 32 . . 44 18 . . . . . . . . . . . 588 540 199 . . Average 332 | . 32 66 . 93 154 77 . . . . . 189 . . . . 539 525 407 386 . . Maximum Alert Level 4 | . . . . . 1 1 . . . . . 2 . . . . 4 3 2 2 . . Low Security (%) 44 | . 100 100 . 100 73 96 . . . . . 52 . . . . 24 . . 12 . . Level 1 25 | . . . . . 26 3 . . . . . 43 . . . . 25 39 70 27 . . Level 2 14 | . . . . . . . . . . . . 3 . . . . 12 38 29 59 . . Level 3 12 | . . . . . . . . . . . . . . . . . 30 21 . . . . Level 4 2 | . . . . . . . . . . . . . . . . . 7 . . . . . Level 5 . | . . . . . . . . . . . . . . . . . . . . . . . High Security . | . . . . . . . . . . . . . . . . . . . . . . . Max Security . | . . . . . . . . . . . . . . . . . . . . . . . Squads Dispatched 26 | . . . . . . 6 . . . . . 5 . . . . 10 2 . 3 . . Investigation 3 | . . . . . . 1 . . . . . . . . . . 1 1 . . . . Extermination 10 | . . . . . . 2 . . . . . 1 . . . . 5 . . 2 . . Reinforcement 4 | . . . . . . 1 . . . . . 1 . . . . 1 . . 1 . . Assault 5 | . . . . . . 1 . . . . . . . . . . 3 1 . . . . Garrison 4 | . . . . . . 1 . . . . . 3 . . . . . . . . . . Intercept . | . . . . . . . . . . . . . . . . . . . . . . . Construction Impeded 1 | . . . . . . . . . . . . . . . . . 1 . . . . . Haulers Reinforced 2 | . . . . . . . . . . . . 1 . . . . . . . 1 . . Stealth | -11 -10 -10 -10 -9 -8 -7 -7 -7 -7 -7 -6 -6 -6 -6 -6 -5 -5 -5 -5 -4 -4 -4 --------- Run | Scr Mat Min Exi Min Mat Fac Low Low Zio Dee Pro Fac Low Low Dat Pro Fac Ext Cet Fac Upp War Distress Signals 13 | . 1 . . . 1 1 . . . . . 1 . . . . 6 1 1 . . 1 Communications Jammed . | . . . . . . . . . . . . . . . . . . . . . . . Distress Signals . | . . . . . . . . . . . . . . . . . . . . . . . Times Spotted 554 | . 4 6 8 6 14 26 8 5 61 69 . 41 11 8 . 20 84 49 15 16 7 96 Peak Tracking Total 39 | . 3 3 9 3 4 3 3 3 5 39 . 8 4 4 . 4 8 7 10 6 4 23 Tactical Retreats 47 | . . . . 1 . 1 1 1 6 6 . 4 . . . 6 12 4 . 1 . 4 Traps | -11 -10 -10 -10 -9 -8 -7 -7 -7 -7 -7 -6 -6 -6 -6 -6 -5 -5 -5 -5 -4 -4 -4 ------- Run | Scr Mat Min Exi Min Mat Fac Low Low Zio Dee Pro Fac Low Low Dat Pro Fac Ext Cet Fac Upp War Traps Triggered 16 | . . . . . . 5 . . . . . . . . . . 6 4 1 . . . Indirectly . | . . . . . . . . . . . . . . . . . . . . . . . Trap Hack Attempts . | . . . . . . . . . . . . . . . . . . . . . . . Triggered . | . . . . . . . . . . . . . . . . . . . . . . . Disarmed . | . . . . . . . . . . . . . . . . . . . . . . . Reprogrammed . | . . . . . . . . . . . . . . . . . . . . . . . Reused 1 | . . . . . . . 1 . . . . . . . . . . . . . . . Traps Extracted . | . . . . . . . . . . . . . . . . . . . . . . . Installed 2 | . . . . . . . 1 . . . . . . . . . . . 1 . . . Triggered 23 | . . . . . . . 1 . . . . . . . . . . . . . . 22 Fabricated Traps 1 | . . . . . . . . . . . . . . . . . . . 1 . . . Machines | -11 -10 -10 -10 -9 -8 -7 -7 -7 -7 -7 -6 -6 -6 -6 -6 -5 -5 -5 -5 -4 -4 -4 ---------- Run | Scr Mat Min Exi Min Mat Fac Low Low Zio Dee Pro Fac Low Low Dat Pro Fac Ext Cet Fac Upp War Machines Disabled 37 | . 1 . 3 . 1 2 3 . . 5 . 3 . . . . 15 3 . . . 1 Max in Single Turn 5 | . 1 . 1 . 1 1 1 . . 1 . 3 . . . . 5 1 . . . 1 Garrison Access 1 | . . . . . . 1 . . . . . . . . . . . . . . . . Machines Sabotaged . | . . . . . . . . . . . . . . . . . . . . . . . Garrisons Compromised . | . . . . . . . . . . . . . . . . . . . . . . . Overloaded Fab Kills . | . . . . . . . . . . . . . . . . . . . . . . . Fab Network Shutdowns . | . . . . . . . . . . . . . . . . . . . . . . . Hacking | -11 -10 -10 -10 -9 -8 -7 -7 -7 -7 -7 -6 -6 -6 -6 -6 -5 -5 -5 -5 -4 -4 -4 --------- Run | Scr Mat Min Exi Min Mat Fac Low Low Zio Dee Pro Fac Low Low Dat Pro Fac Ext Cet Fac Upp War Machines Accessed 27 | . 1 . 1 . 3 3 . 1 . . . 2 . . 4 . . 1 . 4 1 6 Terminals 14 | . 1 . . . 3 3 . . . . . 2 . . . . . 1 . 4 . . Fabricators . | . . . . . . . . . . . . . . . . . . . . . . . Repair Stations . | . . . . . . . . . . . . . . . . . . . . . . . Recycling Units . | . . . . . . . . . . . . . . . . . . . . . . . Scanalyzers . | . . . . . . . . . . . . . . . . . . . . . . . Garrison Access . | . . . . . . . . . . . . . . . . . . . . . . . Total Hacks 75 | . 3 . 1 . 8 10 . 1 . . . 4 . . 24 . . 1 . 8 1 14 Successful 61 | . 2 . 1 . 5 7 . 1 . . . 2 . . 24 . . 1 . 3 1 14 Failed 14 | . 1 . . . 3 3 . . . . . 2 . . . . . . . 5 . . Catastrophic 6 | . 1 . . . 1 1 . . . . . 1 . . . . . . . 2 . . Database Lockouts . | . . . . . . . . . . . . . . . . . . . . . . . Manual 23 | . 3 . 1 . 5 2 1 . 4 . . 2 . . . . . . . 4 . 1 Terminals 34 | . 3 . . . 8 10 . . . . . 4 . . . . . 1 . 8 . . Fabricators . | . . . . . . . . . . . . . . . . . . . . . . . Repair Stations . | . . . . . . . . . . . . . . . . . . . . . . . Recycling Units . | . . . . . . . . . . . . . . . . . . . . . . . Scanalyzers . | . . . . . . . . . . . . . . . . . . . . . . . Garrison Access . | . . . . . . . . . . . . . . . . . . . . . . . Terminal Hacks 54 | . . . 1 . 3 6 . 1 . . . . . . 24 . . 1 . 3 1 14 Record 26 | . . . . . 1 . . 1 . . . . . . 11 . . . . . . 13 Part Schematic 5 | . . . . . . . . . . . . . . . 5 . . . . . . . Robot Schematic 5 | . . . . . . . . . . . . . . . 5 . . . . . . . Prototype ID Bank 5 | . . . . . . 1 . . . . . . . . 3 . . . . 1 . . Open Door 2 | . . . . . . . . . . . . . . . . . . . . . 1 1 Level Access Points 1 | . . . . . 1 . . . . . . . . . . . . . . . . . Branch Access Points 3 | . . . . . 1 1 . . . . . . . . . . . . . 1 . . Terminal Index 1 | . . . . . . . . . . . . . . . . . . . . 1 . . Alert Level 3 | . . . . . . 2 . . . . . . . . . . . 1 . . . . Unreport Threat 2 | . . . . . . 2 . . . . . . . . . . . . . . . . EX-Prototype ID Bank 1 | . . . 1 . . . . . . . . . . . . . . . . . . . Fabricator Hacks . | . . . . . . . . . . . . . . . . . . . . . . . Repair Station Hacks . | . . . . . . . . . . . . . . . . . . . . . . . Recycling Unit Hacks . | . . . . . . . . . . . . . . . . . . . . . . . Scanalyzer . | . . . . . . . . . . . . . . . . . . . . . . . Garrison Access Hacks . | . . . . . . . . . . . . . . . . . . . . . . . Unauthorized Hacks 6 | . 1 . . . 2 1 . . . . . 2 . . . . . . . . . . Terminals 6 | . 1 . . . 2 1 . . . . . 2 . . . . . . . . . . Track 1 | . . . . . . . . . . . . 1 . . . . . . . . . . Botnet 5 | . 1 . . . 2 1 . . . . . 1 . . . . . . . . . . Fabricators . | . . . . . . . . . . . . . . . . . . . . . . . Repair Stations . | . . . . . . . . . . . . . . . . . . . . . . . Recycling Units . | . . . . . . . . . . . . . . . . . . . . . . . Scanalyzers . | . . . . . . . . . . . . . . . . . . . . . . . Garrison Access . | . . . . . . . . . . . . . . . . . . . . . . . Data Cores Recovered . | . . . . . . . . . . . . . . . . . . . . . . . Used . | . . . . . . . . . . . . . . . . . . . . . . . Hacking Detections 9 | . 1 . . . 3 1 . . . . . 2 . . . . . . . 2 . . Full Trace Events . | . . . . . . . . . . . . . . . . . . . . . . . Feedback Events . | . . . . . . . . . . . . . . . . . . . . . . . Feedback Blocked . | . . . . . . . . . . . . . . . . . . . . . . . Robot Schematics Acquired 5 | . . . . . . . . . . . . . . . 5 . . . . . . . Robots Built . | . . . . . . . . . . . . . . . . . . . . . . . Matter . | . . . . . . . . . . . . . . . . . . . . . . . Time . | . . . . . . . . . . . . . . . . . . . . . . . Total Robot Build Rating . | . . . . . . . . . . . . . . . . . . . . . . . Part Schematics Acquired 5 | . . . . . . . . . . . . . . . 5 . . . . . . . Parts Built . | . . . . . . . . . . . . . . . . . . . . . . . Matter . | . . . . . . . . . . . . . . . . . . . . . . . Time . | . . . . . . . . . . . . . . . . . . . . . . . Total Part Build Rating . | . . . . . . . . . . . . . . . . . . . . . . . Parts Repaired . | . . . . . . . . . . . . . . . . . . . . . . . Time . | . . . . . . . . . . . . . . . . . . . . . . . Parts Recycled . | . . . . . . . . . . . . . . . . . . . . . . . Recycled Matter . | . . . . . . . . . . . . . . . . . . . . . . . Retrieved Matter . | . . . . . . . . . . . . . . . . . . . . . . . Retrieved Components . | . . . . . . . . . . . . . . . . . . . . . . . Parts Scanalyzed . | . . . . . . . . . . . . . . . . . . . . . . . Part Schematics Acquired . | . . . . . . . . . . . . . . . . . . . . . . . Parts Damaged . | . . . . . . . . . . . . . . . . . . . . . . . Bothacking | -11 -10 -10 -10 -9 -8 -7 -7 -7 -7 -7 -6 -6 -6 -6 -6 -5 -5 -5 -5 -4 -4 -4 ------------ Run | Scr Mat Min Exi Min Mat Fac Low Low Zio Dee Pro Fac Low Low Dat Pro Fac Ext Cet Fac Upp War Used RIF Installer . | . . . . . . . . . . . . . . . . . . . . . . . Robots Hacked . | . . . . . . . . . . . . . . . . . . . . . . . Non-combat . | . . . . . . . . . . . . . . . . . . . . . . . Combat . | . . . . . . . . . . . . . . . . . . . . . . . Robot Hacks Applied . | . . . . . . . . . . . . . . . . . . . . . . . Relay Couplers Released 2 | . . . . . . 2 . . . . . . . . . . . . . . . . Machine Destruction 2 | . . . . . . 2 . . . . . . . . . . . . . . . . Robots Rewired 15 | . . . . . . . 1 . . . . 1 . . . . . 13 . . . . Allies Hacked . | . . . . . . . . . . . . . . . . . . . . . . . Hacks Repelled . | . . . . . . . . . . . . . . . . . . . . . . . Allies | -11 -10 -10 -10 -9 -8 -7 -7 -7 -7 -7 -6 -6 -6 -6 -6 -5 -5 -5 -5 -4 -4 -4 -------- Run | Scr Mat Min Exi Min Mat Fac Low Low Zio Dee Pro Fac Low Low Dat Pro Fac Ext Cet Fac Upp War Total Allies 28 | . . 4 . 2 . . 1 . . 1 . 1 . . . 1 . 18 . . . . Largest Group 8 | . . 4 4 2 2 . 1 1 . 1 . 1 . . . 1 . 8 8 . . . Highest-Rated Group 227 | . . 71 71 39 39 . 31 31 . 118 . 32 . . . 94 . 227 227 . . . Highest-Rated Ally 156 | . . 31 31 31 31 . 31 31 . 118 . 32 . . . 94 . 156 37 . . . Total Orders 26 | . . . 1 . . . . . . . . 1 . . . . 14 4 . . . 6 STAY 1 | . . . 1 . . . . . . . . . . . . . . . . . . . RETURN 25 | . . . . . . . . . . . . 1 . . . . 14 4 . . . 6 Ally Attacks 242 | . . 3 13 . 9 . 5 3 . 22 . 1 . . . 11 . 146 8 . . 21 Total Damage 8469 | . . 39 127 . 146 . 84 66 . 2384 . 63 . . . 275 . 3268 116 . . 1901 Kills 58 | . . 1 1 . 1 . 2 1 . 14 . . . . . 3 . 28 . . . 7 Allies Corrupted . | . . . . . . . . . . . . . . . . . . . . . . . Allies Melted . | . . . . . . . . . . . . . . . . . . . . . . . Intel | -11 -10 -10 -10 -9 -8 -7 -7 -7 -7 -7 -6 -6 -6 -6 -6 -5 -5 -5 -5 -4 -4 -4 ------- Run | Scr Mat Min Exi Min Mat Fac Low Low Zio Dee Pro Fac Low Low Dat Pro Fac Ext Cet Fac Upp War Robot Analysis Total . | . . . . . . . . . . . . . . . . . . . . . . . Derelict Logs Recovered 8 | . . . . 1 . . 2 2 . . . . . 1 . 1 . . . . 1 . Drone Launches 25 | . . . . . . . . . . . . 1 . . . . 14 4 . . . 6 Drone Recoveries 24 | . . . . . . . . . . . . 1 . . . . 14 4 . . . 5 Exploration | -11 -10 -10 -10 -9 -8 -7 -7 -7 -7 -7 -6 -6 -6 -6 -6 -5 -5 -5 -5 -4 -4 -4 ------------- Run | Scr Mat Min Exi Min Mat Fac Low Low Zio Dee Pro Fac Low Low Dat Pro Fac Ext Cet Fac Upp War Turns Passed 25851 | . 270 516 516 252 843 1678 857 1081 1906 2096 347 1601 1875 1048 164 1627 3325 1734 187 817 849 2262 Spaces Moved 11992 | 1 157 314 306 376 458 993 504 655 994 735 205 732 592 595 97 369 1394 708 70 238 427 1072 Core 44 | . . . 27 14 . . . . . . . . . . . . . . 3 . . . Treads 976 | . 105 314 279 . . . . . . . . . . . . . . . 41 237 . . Legs 9628 | 1 52 . . . 349 418 358 655 994 735 205 732 592 595 97 369 1394 708 26 1 427 920 Wheels 805 | . . . . . 84 575 146 . . . . . . . . . . . . . . . Hover 152 | . . . . . . . . . . . . . . . . . . . . . . 152 Flight 387 | . . . . 362 25 . . . . . . . . . . . . . . . . . Fastest Speed 37 | 120 120 160 50 37 37 110 120 160 160 160 170 170 150 170 170 170 170 150 120 160 190 46 Average Speed 162 | 120 146 160 150 37 139 135 148 160 160 163 170 174 169 170 170 170 188 181 158 178 190 178 Slowest Speed 290 | 120 160 160 160 120 180 180 160 160 160 170 170 210 170 170 170 170 190 210 200 190 190 290 Overloaded Moves . | . . . . . . . . . . . . . . . . . . . . . . . Propulsion Burnouts . | . . . . . . . . . . . . . . . . . . . . . . . Robots Hopped 6 | . . . . 6 . . . . . . . . . . . . . . . . . . Cave-ins Triggered . | . . . . . . . . . . . . . . . . . . . . . . . Exploration Rate (%) 55 | 2 36 61 41 77 39 28 66 79 85 72 44 32 77 82 75 58 53 85 25 8 69 88 Regions Visited 22 Branch Regions 16 Pre-discovered Areas 3 | . . . . 1 . . . . 1 . . . . . 1 . . . . . . . Known Exits Taken 6 | . . . . . 1 1 1 . . . . . . . . . . 1 1 1 . . Unknown Exits Taken 16 | 1 1 1 1 1 . . . 1 1 1 1 1 1 1 1 1 1 . . . 1 . Scrap Searched 20 | . . 1 . 1 . . 4 2 3 . . . 1 4 . 2 . . . . 2 . Spaces Dug 35 | . . 10 . . . . . . . . . 2 . . . . 20 . . . . 3 Terrain Destroyed 471 | . . 45 15 . 23 14 30 . 37 3 . 59 18 6 . 18 126 21 10 10 17 19 Melee 2 | . . . . . . . . . . . . . . . . . 2 . . . . . Projectile 243 | . . . . . . 1 2 . 3 3 . 48 18 6 . 18 78 19 1 10 17 19 AOE 226 | . . 45 15 . 23 13 28 . 34 . . 11 . . . . 46 2 9 . . . Terrain Rammed . | . . . . . . . . . . . . . . . . . . . . . . . Walls Destroyed . | . . . . . . . . . . . . . . . . . . . . . . . Machines Disabled . | . . . . . . . . . . . . . . . . . . . . . . . Actions | -11 -10 -10 -10 -9 -8 -7 -7 -7 -7 -7 -6 -6 -6 -6 -6 -5 -5 -5 -5 -4 -4 -4 --------- Run | Scr Mat Min Exi Min Mat Fac Low Low Zio Dee Pro Fac Low Low Dat Pro Fac Ext Cet Fac Upp War Total 16783 | . 183 323 340 460 588 1192 587 672 1151 1468 204 905 1426 611 96 1306 1793 1009 117 585 447 1320 Wait 2973 | . . 4 . 69 8 38 14 7 4 540 . 36 789 1 . 883 190 32 1 272 . 85 Move 11958 | . 156 313 305 363 457 992 503 654 993 734 204 731 591 594 96 368 1393 707 69 237 426 1072 Hop 6 | . . . . 6 . . . . . . . . . . . . . . . . . . Pick Up 159 | . 6 1 5 1 35 15 3 . 13 16 . 3 . . . 2 9 7 8 20 1 14 Fast Attach 75 | . . . . 5 3 17 4 1 3 8 . 6 1 . . . 4 9 . . 1 13 Attach 75 | . 3 . 4 2 9 4 3 . 4 6 . 2 2 . . 1 4 3 15 9 . 4 Detach 13 | . . . 1 2 . 1 . . 1 . . 1 1 . . 1 3 . 1 . . 1 Swap 112 | . 3 . 3 . 9 19 3 . 19 7 . 3 . . . . 25 15 . 1 . 5 Drop 238 | . 6 . 8 2 22 28 10 . 19 30 . 19 9 . . 6 8 11 3 7 6 44 Fire 931 | . 9 5 4 10 45 77 19 10 95 104 . 99 31 16 . 45 143 66 19 39 13 82 Melee 42 | . . . 10 . . . . . . 22 . . 2 . . . 8 . . . . . Ram 1 | . . . . . . 1 . . . . . . . . . . . . . . . . Kick 7 | . . . . . . . . . . . . 1 . . . . 6 . . . . . Crush . | . . . . . . . . . . . . . . . . . . . . . . . Escape Stasis 29 | . . . . . . . . . . . . . . . . . . 29 . . . . Rewire 162 | . . . . . . . 27 . . 1 . 4 . . . . . 130 . . . . Trap 2 | . . . . . . . 1 . . . . . . . . . . . 1 . . . Miscellaneous . | . . . . . . . . . . . . . . . . . . . . . . . Route ------- -11/Scrapyard -10/Materials (discovered 2 exits: [*Mat] / [*Min]) -10/Mines -10/Exiles -9/Mines -8/Materials (discovered 3 exits: *Fac x3) -7/Factory (discovered 2 exits: *Low x2) -7/Lower Caves -7/Lower Caves -7/Zion (discovered 2 exits: [*Dee] / [*Pro]) -7/Deep Caves -6/Proximity Caves -6/Factory (discovered 3 exits: *Fac / [*Low x2]) -6/Lower Caves -6/Lower Caves (discovered 2 exits: *Fac / *Dat) -6/Data Miner -5/Proximity Caves -5/Factory (discovered 5 exits: *Fac x4 / *Ext) -5/Extension (discovered 2 exits: *Fac / *Cet) -5/Cetus -4/Factory (discovered 2 exits: *Upp x2) -4/Upper Caves (discovered 2 exits: *Upp / *War) -4/Warlord History --------- Turn | Location | Event 1 | -11/Scrapyard | Discovered new exit (range 0) 1 | -11/Scrapyard | Entered Materials 156 | -10/Materials | Discovered new exit (range 16) 256 | -10/Materials | Discovered new exit (range 10) 271 | -10/Materials | Entered Mines 310 | -10/Mines | Build established: Mutant 370 | -10/Mines | Assembled infested the area 479 | -10/Mines | Assisted by bots powering up and referring to "LRC-V3" 619 | -10/Mines | Escorted by a lone wolf Derelict 775 | -10/Mines | Discovered new exit (range 5) 787 | -10/Mines | Entered Exiles 787 | -10/Exiles | Accompanied by 4 allies 822 | -10/Exiles | Discovered new exit (range 14) 982 | -10/Exiles | Met 8R-AWN 1011 | -10/Exiles | Met EX-HEX 1054 | -10/Exiles | Met EX-BIN 1077 | -10/Exiles | Aligned with FarCom system 1078 | -10/Exiles | Given EX-Vault access code 1115 | -10/Exiles | Opened EX-Vault 1152 | -10/Exiles | Warned to stay clear of 0b10 Research branches 1245 | -10/Exiles | Attacked by the Exiles 1288 | -10/Exiles | Core integrity fell below 50% 1303 | -10/Exiles | Entered Mines 1316 | -9/Mines | Lost 6 parts (2p2n1u1w) 1350 | -9/Mines | Learned location of Zion (-7) 1440 | -9/Mines | Discovered new exit (range 10) 1508 | -9/Mines | Received a Rocket Launcher from a helpful Derelict 1555 | -9/Mines | Entered Materials 1555 | -8/Materials | Accompanied by 2 allies 1555 | -8/Materials | Evolved 4 slots: Utility x3, Weapon x1 1560 | -8/Materials | Led the pair of lost Derelicts to an unsafe place 1826 | -8/Materials | Discovered new exit (range 4) 2048 | -8/Materials | Identified exit to Factory 2283 | -8/Materials | Build established: Scavenger-Tank 2398 | -8/Materials | Entered Factory 2398 | -7/Factory | Evolved 2 slots: Power x1, Utility x1 2553 | -7/Factory | Lost 5 parts (2p2u1w) 2960 | -7/Factory | Identified exit to Lower Caves 3030 | -7/Factory | Build established: Scavenger-Mutant 3694 | -7/Factory | Garrison activated, responded to threat 3793 | -7/Factory | Build established: Scavenger-Tank 4076 | -7/Factory | Entered Lower Caves 4165 | -7/Lower Caves | Identified exit to Lower Caves 4270 | -7/Lower Caves | Attacked by a delusional Derelict stockpiling Unaware 4629 | -7/Lower Caves | Attracted the attention of an 0b10 checkpoint 4717 | -7/Lower Caves | Learned Factory trap positions 4828 | -7/Lower Caves | Acquired the password to a Derelict Tinkerer's latest research 4849 | -7/Lower Caves | Found Prototype Special Weapon 4933 | -7/Lower Caves | Entered another Lower Caves area 4933 | -7/Lower Caves | Accompanied by 1 ally 5262 | -7/Lower Caves | Learned Factory stockpile data 5737 | -7/Lower Caves | Learned Factory emergency access door positions 5787 | -7/Lower Caves | Discovered new exit (range 13) 6014 | -7/Lower Caves | Entered Zion 6082 | -7/Zion | Received a hallucinogenic algorithm 6119 | -7/Zion | Discovered new exit (range 9) 6517 | -7/Zion | Learned location of Data Miner (-6) 6863 | -7/Zion | Given the Hacking Drone Bay 6877 | -7/Zion | Identified Molecular Deconstructor 6922 | -7/Zion | Found Prototype Device 7005 | -7/Zion | Found Prototype Device 7124 | -7/Zion | Identified Hacking Drone Bay 7128 | -7/Zion | Found CR-A16's Pointy Stick 7243 | -7/Zion | Attacked by Zionites 7407 | -7/Zion | Core integrity fell below 50% 7768 | -7/Zion | Destroyed Imprinter 7774 | -7/Zion | Extracted access codes from Imprinter's data core 7877 | -7/Zion | Opened final containment barrier to the Deep Caves 7909 | -7/Zion | Discovered new exit (range 5) 7912 | -7/Zion | Saw the warning signs outside the Deep Caves entrance 7920 | -7/Zion | Entered Deep Caves 7922 | -7/Deep Caves | Met 5H-AD0 8224 | -7/Deep Caves | Z-Facility disabled 8324 | -7/Deep Caves | Found Prototype Protection 8324 | -7/Deep Caves | Identified Zio. Weapon Casing 8338 | -7/Deep Caves | Found Zio. Weapon Casing 8563 | -7/Deep Caves | Spotted as-47725 8567 | -7/Deep Caves | Exposed GOLEM chamber 8573 | -7/Deep Caves | Destroyed as-47725 8666 | -7/Deep Caves | Found GOLEM Unit 8684 | -7/Deep Caves | Found GOLEM Unit 9031 | -7/Deep Caves | Spotted as-55926 9039 | -7/Deep Caves | Destroyed as-55926 9124 | -7/Deep Caves | Build established: Golem 9447 | -7/Deep Caves | Spotted as-11710 9456 | -7/Deep Caves | Destroyed as-11710 9530 | -7/Deep Caves | Triggered Deep Caves wall 9582 | -7/Deep Caves | Core integrity fell below 20% 9587 | -7/Deep Caves | Spotted AS-45151 9604 | -7/Deep Caves | Destroyed 35 combat bots 9610 | -7/Deep Caves | Lost 4 parts (2u2w) 9631 | -7/Deep Caves | Destroyed AS-45151 9638 | -7/Deep Caves | Spotted AS-56828 9676 | -7/Deep Caves | Destroyed AS-56828 9709 | -7/Deep Caves | Found Field Lobotomy Kit 9853 | -7/Deep Caves | Found GOLEM Unit 9887 | -7/Deep Caves | Discovered new exit (range 6) 10016 | -7/Deep Caves | Entered Proximity Caves 10345 | -6/Proximity Caves | Discovered new exit (range 14) 10363 | -6/Proximity Caves | Entered Factory 10363 | -6/Factory | Evolved 2 slots: Utility x2 10364 | -6/Factory | Loaded intel: 99 trap records 10503 | -6/Factory | Garrison activated, responded to threat 11283 | -6/Factory | Spotted B-75 Beast 11315 | -6/Factory | Discovered new exit (range 4) 11943 | -6/Factory | Discovered new exit (range 4) 11964 | -6/Factory | Discovered new exit (range 13) 11964 | -6/Factory | Entered Lower Caves 12000 | -6/Lower Caves | Lost 5 parts (1p2u2w) 12571 | -6/Lower Caves | Attracted the attention of an 0b10 checkpoint 12877 | -6/Lower Caves | Core integrity fell below 50% 13120 | -6/Lower Caves | Discovered new exit (range 10) 13151 | -6/Lower Caves | Build established: Mutant 13839 | -6/Lower Caves | Entered another Lower Caves area 13866 | -6/Lower Caves | Build established: Golem 13890 | -6/Lower Caves | Discovered new exit (range 10) 14596 | -6/Lower Caves | Learned Factory garrison access intel 14598 | -6/Lower Caves | Discovered new exit (range 15) 14739 | -6/Lower Caves | Spotted B-75 Beast 14887 | -6/Lower Caves | Entered Data Miner 14887 | -6/Data Miner | Discovered new exit (range 6) 14920 | -6/Data Miner | Met Data Miner 14966 | -6/Data Miner | Learned location of Section 7 (-2) 14966 | -6/Data Miner | Acquired the access code to Warlord's prototype stash 14983 | -6/Data Miner | Received God Mode back door access code from Data Miner 15051 | -6/Data Miner | Entered Proximity Caves 15182 | -5/Proximity Caves | Escorted by Enhanced Grunt 15285 | -5/Proximity Caves | Lost 3 parts (1p1u1w) 15601 | -5/Proximity Caves | Spotted B-75 Beast 15637 | -5/Proximity Caves | Attracted the attention of an 0b10 checkpoint 15695 | -5/Proximity Caves | Core integrity fell below 20% 16161 | -5/Proximity Caves | Learned 4 Factory zone layouts 16174 | -5/Proximity Caves | Discovered new exit (range 5) 16281 | -5/Proximity Caves | Received a Behemoth hack from an annoying Tinkerer 16678 | -5/Proximity Caves | Entered Factory 16678 | -5/Factory | Evolved 2 slots: Utility x2 16680 | -5/Factory | Loaded intel: 3 garrison access locations 17567 | -5/Factory | Discovered new exit (range 14) 17736 | -5/Factory | Found Powered Armor 17740 | -5/Factory | Found Powered Armor 18063 | -5/Factory | Discovered new exit (range 4) 18102 | -5/Factory | Spotted B-75 Beast 18226 | -5/Factory | Identified exit to Factory 18778 | -5/Factory | First assault squad dispatched 18801 | -5/Factory | Incoming assault squad redirected 19100 | -5/Factory | Incoming assault squad redirected 19402 | -5/Factory | Incoming assault squad redirected 19673 | -5/Factory | Build established: Mutant 19790 | -5/Factory | Destroyed 8 combat bots 19975 | -5/Factory | Discovered new exit (range 15) 20003 | -5/Factory | Entered Extension 20147 | -5/Extension | Rescued a captive Derelict 20147 | -5/Extension | Rescued a captive Derelict 20244 | -5/Extension | Rescued A7 20303 | -5/Extension | First assault squad dispatched 20308 | -5/Extension | Identified exit to Cetus 20324 | -5/Extension | Incoming assault squad redirected 20365 | -5/Extension | P-70 Sage assimilated allied IJ-9T7(g) 20367 | -5/Extension | P-70 Sage assimilated allied IE-EEO(g) 20758 | -5/Extension | Build established: Tank 20859 | -5/Extension | Spotted B-75 Beast 20863 | -5/Extension | Allies destroyed B-75 Beast 20877 | -5/Extension | Spotted B-75 Beast 20897 | -5/Extension | Destroyed B-75 Beast 20904 | -5/Extension | Incoming investigation squad redirected 20907 | -5/Extension | Extracted ID and sensor layout for unrecognized location from A7's data core 20953 | -5/Extension | Disrupted transfer network 21203 | -5/Extension | Rescued a captive Derelict 21204 | -5/Extension | Rescued a captive Derelict 21243 | -5/Extension | Build established: Scavenger-Tank 21335 | -5/Extension | Incoming assault squad redirected 21709 | -5/Extension | Discovered exit to Factory (range 10) 21737 | -5/Extension | Entered Cetus 21737 | -5/Cetus | Accompanied by 8 allies 21764 | -5/Cetus | Spotted Cetus Guard 21764 | -5/Cetus | Spotted Cetus Guard 21769 | -5/Cetus | Spotted Cetus Guard 21770 | -5/Cetus | Spotted Cetus Guard 21789 | -5/Cetus | Destroyed Cetus Guard 21792 | -5/Cetus | Identified Bomb Factory No. 2 21799 | -5/Cetus | Destroyed Cetus Guard 21800 | -5/Cetus | Core integrity fell below 50% 21824 | -5/Cetus | Destroyed Cetus Guard 21840 | -5/Cetus | Destroyed Cetus Guard 21848 | -5/Cetus | Core integrity fell below 20% 21900 | -5/Cetus | Discovered exit to Factory (range 16) 21911 | -5/Cetus | Lost 21 parts (3p3n6u9w) 21924 | -5/Cetus | Entered Factory 21924 | -4/Factory | Evolved 2 slots: Utility x2 22197 | -4/Factory | Identified exit to Upper Caves 22741 | -4/Factory | Entered Upper Caves 22743 | -4/Upper Caves | Attracted the attention of an 0b10 checkpoint 22779 | -4/Upper Caves | Build established: Hacker-Golem 23013 | -4/Upper Caves | Identified exit to Upper Caves 23570 | -4/Upper Caves | A Derelict revealed a hidden shortcut to "reach the base" 23590 | -4/Upper Caves | Entered Warlord 23605 | -4/Warlord | Build established: Golem 23653 | -4/Warlord | System corruption cleaned by Quarantine Array 23739 | -4/Warlord | Found Prototype Device 24109 | -4/Warlord | Learned Quarantine trap positions 24109 | -4/Warlord | Learned Research emergency access door positions 24109 | -4/Warlord | Learned Quarantine stockpile data 24111 | -4/Warlord | Learned 4 Research zone layouts 24111 | -4/Warlord | Learned 4 Research zone layouts 24113 | -4/Warlord | Learned Research security intel 24113 | -4/Warlord | Learned Testing security intel 24113 | -4/Warlord | Learned Factory fabricator intel 24130 | -4/Warlord | Met Warlord 24155 | -4/Warlord | Warlord's base attacked by MAIN.C 24158 | -4/Warlord | Opened Warlord's prototype stash 24165 | -4/Warlord | Found Prototype Reactor 24167 | -4/Warlord | Identified Vortex Chain Reactor 24184 | -4/Warlord | Found Prototype Hackware 24184 | -4/Warlord | Identified Ghost Barrier 24192 | -4/Warlord | Found Prototype Processor 24192 | -4/Warlord | Identified Spectral Analyzer 24196 | -4/Warlord | Found Prototype Device 24196 | -4/Warlord | Identified Thermal Barrier 24222 | -4/Warlord | Found Exp. Targeting Computer 24467 | -4/Warlord | Found Prototype Energy Cannon 24478 | -4/Warlord | Build established: Hacker-Gunner 24505 | -4/Warlord | Warlord forces counterattacked 24781 | -4/Warlord | Lost 3 parts (3w) 24833 | -4/Warlord | Spotted B-90 Cyclops 24839 | -4/Warlord | Destroyed B-90 Cyclops 24848 | -4/Warlord | Found Prototype Ballistic Cannon 24848 | -4/Warlord | Identified Hvy. Autocannon 24958 | -4/Warlord | Spotted Executioner 24966 | -4/Warlord | Destroyed Executioner 25054 | -4/Warlord | Spotted Striker 25068 | -4/Warlord | Destroyed Striker 25101 | -4/Warlord | Spotted Executioner 25110 | -4/Warlord | Spotted Executioner 25113 | -4/Warlord | Found Hvy. Autocannon 25114 | -4/Warlord | Destroyed 7 combat bots 25156 | -4/Warlord | Destroyed Executioner 25162 | -4/Warlord | Destroyed Executioner 25173 | -4/Warlord | Core integrity fell below 50% 25196 | -4/Warlord | Found Exp. Targeting Computer 25206 | -4/Warlord | Found Prototype Processor 25206 | -4/Warlord | Identified Exp. Core Analyzer 25209 | -4/Warlord | Destroyed 7 combat bots 25402 | -4/Warlord | Spotted Striker 25415 | -4/Warlord | Destroyed Striker 25444 | -4/Warlord | Lost 3 parts (1p1u1w) 25553 | -4/Warlord | Spotted Striker 25575 | -4/Warlord | Core integrity fell below 20% 25581 | -4/Warlord | Spotted Striker 25620 | -4/Warlord | Lost 4 parts (2u2w) 25635 | -4/Warlord | Identified Wardrone Bay 25808 | -4/Warlord | Allies destroyed Striker 25852 | -4/Warlord | Destroyed by D-63 Destroyer with Heavy Rocket Launcher Last Messages --------------- 25763_ Wardrone retrieved by Wardrone Bay. 25767_ Com. Wheel fries itself beyond repair. 25770_ Unknown Protection fries itself beyond repair. 25772_ Acquired Field Lobotomy Kit. 25773_ Unknown Device fries itself beyond repair. 25774_ Energy Well fries itself beyond repair. 25782_ System corrupted: Component data lost. 25792_ Wardrone released from Wardrone Bay. 25794_ Wardrone retrieved by Wardrone Bay. 25796_ Wardrone released from Wardrone Bay. 25800_ Wardrone retrieved by Wardrone Bay. 25802_ Wardrone released from Wardrone Bay. 25802_ Wardrone follow-up attacks with Prototype Slashing Weapon. 25808_ Wardrone: "WARLORD FOREVER!" 25808_ Striker destroyed. 25814_ Dropped Wardrone Bay. 25814_ >> Lost connection to Wardrone. 25817_ Discarded Asb. Focal Cannon. 25824_ System corrupted: Matter fused (-8). 25826_ Acquired 8 matter. Map ----- +----------------------------------------------------+ | | | | | | | | | | | | | | | | | | | | | | | | | | | | | ?????????????????????????????????????????????????? | | ??????############???##??????????????????????????? | | ??????# ??? #??????????????????????????? | | ??????# ??# #??????????????????????????? | | ??????# #?# #??#####???????????????????? | | ??????# ###"#### #???????????????????? | | ??????# # ^ #???????????????????? | | ??????# # #### #???????????????????? | | ??????# + #??# #???????????????????? | | #?????############# #??#####???????????????????? | | #????????# ?# #####??????????????????????? | | #????????# # % ##@######?????????????????? | | #????????# # ####d #?????????????????? | | #????????# # ####pd ##?????????????????? | | #????????# # #?????????????????? | | #????????# # #?????????????????? | | ?????????# % #?????????????????? | | ?????????# #!! ##?????????????????? | | ?????????# % # ###??????????????????? | | ########?######### ####????????????????????? | | # #?????????# #???????????????????????? | | +% #????###### # #???????????????????????? | | # #???##"!!!# ####???????????????????? ?? | | # "" #???#" # #???????????????????????? ? | | # ""#???#"X / #?????####???????????????? # | | # """#???#" X"## #?????#""#????????????????? | | / """#####!!"""## #?????#""#?????????????????# | | # " " "!!"""## #?????#""#?????????????????# | | # "" ########### #?????#""#?#???????????????? | | # #???????#### #????##""# ############????? | | # #??????#""!"= #### ##"" # # ####??? | | # #?????# " = = %! " "" # # #??? | | # ####?####! =! !% "#?? | | ###+##### ###"""!!= * " %%[%= %% % [#### | | # = = %%%%% ! %%%%! %%%=##%! | | # ]!%!! ! % [%%%%!% %% %%%!%=%% | +----------------------------------------------------+ Best States ------------- Heat Dissipation 78 Coolant Potential 120 Energy Generation 55 Energy Capacity 1700 Matter Stores 300 Matter Capacity 300 Sight Range 24 Robot Scan Range 16 Terrain Scan Range 20 Terrain Scan Density 10 Additional Mass Support 10 Armor Coverage 1175 Resistance: KI 20 Resistance: TH 50 Resistance: EX 25 Resistance: EM 15 Resistance: I 15 Resistance: S 15 Resistance: P 15 Weapon Shielding 100 Weapon Cycling 20 Phase Shifting 10 Evasion (%) 62 Targeting Accuracy 24 Target Analysis 6 Core Analysis 15 Recoil Reduction 2 Energy Filtering 30 Defensive Hacking 28 Item Schematics ----------------- Combat Drone Bay | -6/Data Miner | Free Lgt. Regenerative Plating | -6/Data Miner | Free Exp. Sensor Array | -6/Data Miner | Free Exp. Targeting Computer | -6/Data Miner | Free Tactical Coordination Suite | -6/Data Miner | Free Robot Schematics ------------------ S-27 Virus | -6/Data Miner | Free G-50 Soldier | -6/Data Miner | Free L-41 Fighter | -6/Data Miner | Free X-72 Disruptor | -6/Data Miner | Free I-36 Angel | -6/Data Miner | Free Fabricated ------------ Nothing Alien Tech Used ----------------- None Achievements -------------- None Challenges ------------ None Game ------ Seed CannonNetworkNanovents Manual? 0 Play Time 03:00:26 Cumulative 133.3 hours Start 2020.12.09 @ 12:25:05 End 2020.12.11 @ 12:40:58 Sessions 3 Manual Loads 0 Difficulty Rogue Special Mode None Game No. 135 Rogue 128 Adventurer 0 Explorer 7 Win Type - Total 1 Types 0/0/1/0/0/0/0/0/0 Lore% 56 Gallery% 84 Achievement% 64 Wizard Run 0 Options --------- ASCII 0 Keyboard 0 Movement Mouse Keybinds 0 Fullscreen 1 Font 18/X11 Map View 76x50 Tactical HUD 1 Map Filters NONE Filters NONE Steam 1 RUN: 9d7523ac-66e6-4641-b574-bfe9bc0ca939